[ PARTIDA AOE2 · #494498091 ]
UnrankedIncas vs Spanish
Equipo del jugador · DERR
Equipo rival · VICT
[ ANÁLISIS DE REPETICIÓN · EXTRAÍDO DE LA PARTIDA GRABADA ]
Feudal
8:30
Castillos
26:42
Imperial
40:27
| APM promedio | 33.9 |
| APM pico | 62 |
| eAPM promedio | 20.7 |
| Aldeanos / militares | 165 / 213 |
Foco
⚔️ 59.9% · 🌾 40.1%
Archer ×108 · Spearman ×48 · Skirmisher ×40 · Trebuchet (Packed) ×16 · Unknown (2550) ×15 · Monk ×1
Feudal
12:04
Castillos
19:59
Imperial
37:37
| APM promedio | 45.6 |
| APM pico | 89 |
| eAPM promedio | 23.5 |
| Aldeanos / militares | 150 / 433 |
Foco
⚔️ 49.1% · 🌾 50.9%
Skirmisher ×236 · Scout Cavalry ×136 · Conquistador ×47 · Bombard Cannon ×3 · Trebuchet (Packed) ×3 · Knight ×2
Mapa de la partida
Recursos iniciales + cada clic de construcción. Líneas = muros · curvas = relieve. ◆ oro · ⬟ piedra · ● bayas · ✦ reliquia · ◌ hueco del cierre
Tu base· ✓ Cerrada en 26:42 · 43t muro · 1 puerta(s)
Base de AnhGiaiSayXe· Abierta — el rival se encerró
Terreno inicial suavizado · ◌ = hueco del cierre detectado · pasá el cursor para detalles
Inputs por minuto
— lenhhoxung - - AnhGiaiSayXe
Build order — lenhhoxung
Primeras 150 de 604 acciones detectadas
| 0:01 | Crear | Villager (Male) |
| 0:01 | Crear | Villager (Male) |
| 0:02 | Crear | Villager (Male) |
| 0:03 | Construir | House |
| 0:05 | Construir | House |
| 0:07 | Crear | Villager (Male) |
| 0:07 | Crear | Villager (Male) |
| 1:26 | Crear | Villager (Male) |
| 2:01 | Crear | Villager (Male) |
| 2:02 | Crear | Villager (Male) |
| 2:19 | Crear | Villager (Male) |
| 2:20 | Crear | Villager (Male) |
| 2:56 | Crear | Villager (Male) |
| 2:56 | Crear | Villager (Male) |
| 3:25 | Crear | Villager (Male) |
| 3:25 | Crear | Villager (Male) |
| 3:26 | Crear | Villager (Male) |
| 3:27 | Crear | Villager (Male) |
| 4:00 | Crear | Villager (Male) |
| 4:00 | Crear | Villager (Male) |
| 4:00 | Crear | Villager (Male) |
| 4:06 | Crear | Villager (Male) |
| 4:06 | Crear | Villager (Male) |
| 4:30 | Construir | Settlement |
| 5:01 | Investigar | Loom |
| 5:01 | Investigar | Loom |
| 5:49 | Crear | Villager (Male) |
| 6:12 | Investigar | Feudal Age |
| 6:12 | Investigar | Feudal Age |
| 6:42 | Crear | Villager (Male) |
| 7:11 | Construir | Settlement |
| 8:30 | Edad | Edad Feudal |
| 8:41 | Crear | Villager (Male) |
| 8:42 | Investigar | Town Watch |
| 8:42 | Investigar | Town Watch |
| 8:51 | Construir | Blacksmith |
| 9:19 | Construir | Watch Tower |
| 9:26 | Crear | Villager (Male) |
| 9:45 | Crear | Villager (Male) |
| 9:48 | Investigar | Fletching |
| 9:48 | Investigar | Fletching |
| 9:54 | Construir | Palisade Wall |
| 9:54 | Construir | Palisade Wall |
| 9:55 | Construir | Palisade Wall |
| 10:34 | Construir | Watch Tower |
| 10:43 | Construir | Palisade Wall |
| 10:44 | Construir | Palisade Wall |
| 10:45 | Construir | Palisade Wall |
| 10:51 | Crear | Villager (Male) |
| 10:58 | Construir | Settlement |
| 11:06 | Construir | Settlement |
| 11:25 | Construir | Watch Tower |
| 11:31 | Construir | Palisade Wall |
| 11:32 | Construir | Palisade Wall |
| 11:33 | Construir | Palisade Wall |
| 11:39 | Crear | Villager (Male) |
| 11:40 | Crear | Villager (Male) |
| 11:54 | Construir | Palisade Wall |
| 12:05 | Construir | Palisade Wall |
| 12:29 | Construir | Watch Tower |
| 12:37 | Construir | Palisade Wall |
| 12:40 | Crear | Villager (Male) |
| 12:41 | Crear | Villager (Male) |
| 12:41 | Crear | Villager (Male) |
| 13:10 | Crear | Villager (Male) |
| 13:11 | Crear | Villager (Male) |
| 13:25 | Construir | Settlement |
| 13:30 | Crear | Villager (Male) |
| 13:30 | Crear | Villager (Male) |
| 13:36 | Construir | Palisade Gate |
| 14:02 | Construir | Watch Tower |
| 14:03 | Crear | Villager (Male) |
| 14:03 | Crear | Villager (Male) |
| 14:30 | Crear | Villager (Male) |
| 14:39 | Crear | Villager (Male) |
| 14:53 | Construir | Palisade Wall |
| 14:55 | Construir | Palisade Wall |
| 15:07 | Construir | Settlement |
| 15:20 | Crear | Villager (Male) |
| 15:20 | Crear | Villager (Male) |
| 16:03 | Crear | Villager (Male) |
| 16:26 | Construir | Watch Tower |
| 16:28 | Construir | Watch Tower |
| 16:34 | Construir | Watch Tower |
| 16:42 | Crear | Villager (Male) |
| 16:53 | Construir | Barracks |
| 16:58 | Crear | Villager (Male) |
| 17:13 | Investigar | Scale Mail Armor |
| 17:13 | Investigar | Scale Mail Armor |
| 17:31 | Construir | Barracks |
| 17:33 | Crear | Villager (Male) |
| 17:42 | Crear | Unit 2550 |
| 17:42 | Crear | Unit 2550 |
| 17:42 | Crear | Unit 2550 |
| 17:46 | Crear | Villager (Male) |
| 18:07 | Construir | Watch Tower |
| 18:10 | Crear | Villager (Male) |
| 18:13 | Construir | Farm |
| 18:18 | Investigar | Horse Collar |
| 18:30 | Investigar | Tech 1402 |
| 18:39 | Construir | Farm |
| 18:43 | Construir | Farm |
| 18:54 | Crear | Unit 2550 |
| 18:55 | Crear | Unit 2550 |
| 19:03 | Construir | Palisade Wall |
| 19:04 | Construir | Palisade Wall |
| 19:05 | Construir | Palisade Wall |
| 19:10 | Crear | Villager (Male) |
| 19:10 | Crear | Villager (Male) |
| 19:13 | Construir | Farm |
| 19:17 | Crear | Unit 2550 |
| 19:18 | Crear | Unit 2550 |
| 19:18 | Crear | Unit 2550 |
| 19:26 | Crear | Villager (Male) |
| 19:26 | Crear | Villager (Male) |
| 19:59 | Construir | Farm |
| 20:01 | Construir | Farm |
| 20:25 | Crear | Unit 2550 |
| 20:36 | Crear | Unit 2550 |
| 20:36 | Crear | Unit 2550 |
| 20:36 | Crear | Unit 2550 |
| 21:00 | Construir | Settlement |
| 21:03 | Construir | Farm |
| 21:05 | Crear | Villager (Male) |
| 21:05 | Crear | Villager (Male) |
| 21:26 | Investigar | Forging |
| 21:26 | Investigar | Forging |
| 21:26 | Investigar | Forging |
| 21:33 | Crear | Villager (Male) |
| 21:38 | Construir | Market |
| 22:23 | Crear | Unit 2550 |
| 22:23 | Crear | Unit 2550 |
| 22:23 | Crear | Unit 2550 |
| 22:26 | Crear | Villager (Male) |
| 22:26 | Crear | Villager (Male) |
| 22:32 | Construir | Farm |
| 22:36 | Construir | Farm |
| 22:37 | Construir | Farm |
| 22:39 | Construir | Farm |
| 23:18 | Crear | Villager (Male) |
| 23:18 | Crear | Villager (Male) |
| 24:03 | Investigar | Castle Age |
| 24:03 | Investigar | Castle Age |
| 24:13 | Crear | Villager (Male) |
| 24:13 | Crear | Villager (Male) |
| 24:18 | Construir | Farm |
| 24:20 | Construir | Farm |
| 24:57 | Construir | Archery Range |
| 24:57 | Construir | Archery Range |
| 25:07 | Investigar | Padded Archer Armor |
Build order — AnhGiaiSayXe
Primeras 150 de 876 acciones detectadas
| 0:02 | Crear | Villager (Male) |
| 0:02 | Crear | Villager (Male) |
| 0:03 | Crear | Villager (Male) |
| 0:05 | Construir | House |
| 0:07 | Construir | House |
| 0:17 | Crear | Villager (Male) |
| 1:29 | Crear | Villager (Male) |
| 1:52 | Crear | Villager (Male) |
| 2:25 | Crear | Villager (Male) |
| 2:40 | Construir | Lumber Camp |
| 2:57 | Crear | Villager (Male) |
| 2:57 | Crear | Villager (Male) |
| 2:59 | Crear | Villager (Male) |
| 3:22 | Crear | Villager (Male) |
| 3:28 | Crear | Villager (Male) |
| 4:06 | Construir | House |
| 4:07 | Construir | House |
| 4:11 | Crear | Villager (Male) |
| 4:40 | Construir | House |
| 4:44 | Crear | Villager (Male) |
| 5:15 | Crear | Villager (Male) |
| 5:15 | Crear | Villager (Male) |
| 5:36 | Crear | Villager (Male) |
| 6:14 | Crear | Villager (Male) |
| 6:14 | Crear | Villager (Male) |
| 7:35 | Crear | Villager (Male) |
| 7:39 | Investigar | Loom |
| 7:49 | Construir | Mill |
| 7:55 | Construir | Mill |
| 8:08 | Crear | Villager (Male) |
| 8:41 | Construir | Palisade Wall |
| 8:45 | Construir | Palisade Wall |
| 8:47 | Construir | Palisade Wall |
| 8:48 | Construir | Palisade Wall |
| 8:49 | Construir | Palisade Wall |
| 8:49 | Construir | Palisade Wall |
| 9:01 | Construir | House |
| 9:03 | Construir | Palisade Wall |
| 9:04 | Crear | Villager (Male) |
| 9:24 | Construir | Palisade Wall |
| 9:28 | Crear | Villager (Male) |
| 9:29 | Crear | Villager (Male) |
| 9:32 | Investigar | Feudal Age |
| 9:32 | Investigar | Feudal Age |
| 9:37 | Construir | Barracks |
| 9:45 | Construir | House |
| 9:46 | Construir | House |
| 9:50 | Construir | House |
| 9:51 | Construir | House |
| 9:54 | Construir | House |
| 10:08 | Crear | Villager (Male) |
| 10:31 | Construir | House |
| 10:41 | Construir | House |
| 10:43 | Construir | House |
| 11:35 | Construir | Mill |
| 12:04 | Edad | Edad Feudal |
| 12:09 | Investigar | Double-Bit Axe |
| 12:20 | Construir | Stable |
| 12:25 | Construir | Palisade Wall |
| 12:28 | Construir | Palisade Wall |
| 12:30 | Construir | Palisade Wall |
| 12:37 | Crear | Villager (Male) |
| 12:37 | Crear | Villager (Male) |
| 12:41 | Crear | Villager (Male) |
| 13:02 | Crear | Villager (Male) |
| 13:10 | Construir | Palisade Wall |
| 13:17 | Construir | Blacksmith |
| 13:22 | Construir | House |
| 13:30 | Construir | Palisade Wall |
| 13:31 | Construir | Palisade Wall |
| 13:32 | Construir | Palisade Wall |
| 13:44 | Crear | Scout Cavalry |
| 14:05 | Construir | Farm |
| 14:06 | Construir | Farm |
| 14:08 | Construir | Farm |
| 14:11 | Construir | Farm |
| 14:14 | Construir | Farm |
| 14:19 | Crear | Villager (Male) |
| 14:19 | Crear | Villager (Male) |
| 14:27 | Construir | Farm |
| 14:37 | Construir | Farm |
| 14:56 | Construir | Mining Camp |
| 15:01 | Construir | Palisade Wall |
| 15:08 | Crear | Scout Cavalry |
| 15:11 | Crear | Villager (Male) |
| 15:13 | Investigar | Horse Collar |
| 15:24 | Construir | Farm |
| 15:27 | Construir | Farm |
| 15:32 | Crear | Villager (Male) |
| 15:56 | Crear | Villager (Male) |
| 16:06 | Construir | Farm |
| 16:26 | Construir | Farm |
| 16:29 | Crear | Villager (Male) |
| 16:31 | Construir | Farm |
| 16:49 | Construir | Market |
| 16:53 | Crear | Villager (Male) |
| 17:03 | Construir | Farm |
| 17:08 | Construir | Farm |
| 17:18 | Investigar | Castle Age |
| 17:19 | Investigar | Castle Age |
| 17:32 | Construir | Mining Camp |
| 18:13 | Construir | Farm |
| 18:16 | Construir | Farm |
| 18:21 | Construir | Lumber Camp |
| 18:34 | Investigar | Bloodlines |
| 18:50 | Investigar | Stone Mining |
| 19:39 | Investigar | Forging |
| 19:59 | Edad | Edad de los Castillos |
| 20:31 | Crear | Villager (Male) |
| 20:31 | Crear | Villager (Male) |
| 20:55 | Construir | Castle |
| 21:11 | Crear | Villager (Male) |
| 21:20 | Investigar | Bow Saw |
| 21:25 | Investigar | Padded Archer Armor |
| 21:38 | Construir | Siege Workshop |
| 21:44 | Crear | Villager (Male) |
| 21:44 | Crear | Villager (Male) |
| 22:09 | Crear | Conquistador |
| 22:09 | Crear | Conquistador |
| 22:29 | Crear | Mangonel |
| 22:42 | Construir | Farm |
| 22:46 | Construir | Mill |
| 22:49 | Investigar | Heavy Plow |
| 22:56 | Crear | Villager (Male) |
| 23:03 | Construir | Monastery |
| 23:06 | Crear | Villager (Male) |
| 23:23 | Construir | Town Center |
| 23:38 | Crear | Battering Ram |
| 23:41 | Crear | Conquistador |
| 23:41 | Crear | Conquistador |
| 23:52 | Crear | Villager (Male) |
| 23:54 | Crear | Conquistador |
| 24:05 | Construir | Lumber Camp |
| 24:08 | Construir | Lumber Camp |
| 24:12 | Construir | Farm |
| 24:24 | Crear | Conquistador |
| 24:24 | Crear | Conquistador |
| 24:45 | Crear | Conquistador |
| 24:45 | Crear | Conquistador |
| 25:21 | Crear | Conquistador |
| 25:21 | Crear | Conquistador |
| 25:31 | Crear | Villager (Male) |
| 25:58 | Crear | Villager (Male) |
| 25:59 | Crear | Villager (Male) |
| 25:59 | Crear | Villager (Male) |
| 26:08 | Crear | Villager (Male) |
| 26:26 | Crear | Villager (Male) |
| 26:30 | Crear | Villager (Male) |
| 26:41 | Crear | Villager (Male) |
| 26:42 | Crear | Villager (Male) |
Cronología de la partida
| 8:30 | lenhhoxung · age_up feudal |
| 8:41 | AnhGiaiSayXe · wall_segment Palisade Wall x1 |
| 8:45 | AnhGiaiSayXe · wall_segment Palisade Wall x1 |
| 8:47 | AnhGiaiSayXe · wall_segment Palisade Wall x1 |
| 8:48 | AnhGiaiSayXe · wall_segment Palisade Wall x1 |
| 8:49 | AnhGiaiSayXe · wall_segment Palisade Wall x1 |
| 8:49 | AnhGiaiSayXe · wall_segment Palisade Wall x1 |
| 9:03 | AnhGiaiSayXe · wall_segment Palisade Wall x1 |
| 9:24 | AnhGiaiSayXe · wall_segment Palisade Wall x1 |
| 9:37 | AnhGiaiSayXe · first_building Barracks |
| 9:54 | lenhhoxung · wall_segment Palisade Wall x1 |
| 9:54 | lenhhoxung · wall_segment Palisade Wall x1 |
| 9:55 | lenhhoxung · wall_segment Palisade Wall x1 |
| 10:43 | lenhhoxung · wall_segment Palisade Wall x1 |
| 10:44 | lenhhoxung · wall_segment Palisade Wall x1 |
| 10:45 | lenhhoxung · wall_segment Palisade Wall x1 |
| 11:31 | lenhhoxung · wall_segment Palisade Wall x1 |
| 11:32 | lenhhoxung · wall_segment Palisade Wall x1 |
| 11:33 | lenhhoxung · wall_segment Palisade Wall x1 |
| 11:54 | lenhhoxung · wall_segment Palisade Wall x10 |
| 12:04 | AnhGiaiSayXe · age_up feudal |
| 12:05 | lenhhoxung · wall_segment Palisade Wall x12 |
| 12:20 | AnhGiaiSayXe · first_building Stable |
| 12:25 | AnhGiaiSayXe · wall_segment Palisade Wall x1 |
| 12:28 | AnhGiaiSayXe · wall_segment Palisade Wall x1 |
| 12:30 | AnhGiaiSayXe · wall_segment Palisade Wall x1 |
| 12:37 | lenhhoxung · wall_segment Palisade Wall x9 |
| 13:10 | AnhGiaiSayXe · wall_segment Palisade Wall x1 |
| 13:30 | AnhGiaiSayXe · wall_segment Palisade Wall x1 |
| 13:31 | AnhGiaiSayXe · wall_segment Palisade Wall x1 |
| 13:32 | AnhGiaiSayXe · wall_segment Palisade Wall x1 |
| 14:53 | lenhhoxung · wall_segment Palisade Wall x1 |
| 14:55 | lenhhoxung · wall_segment Palisade Wall x1 |
| 15:01 | AnhGiaiSayXe · wall_segment Palisade Wall x1 |
| 16:53 | lenhhoxung · first_building Barracks |
| 19:03 | lenhhoxung · wall_segment Palisade Wall x1 |
| 19:04 | lenhhoxung · wall_segment Palisade Wall x1 |
| 19:05 | lenhhoxung · wall_segment Palisade Wall x1 |
| 19:59 | AnhGiaiSayXe · age_up castle |
| 20:04 | AnhGiaiSayXe · first_market_sell 100 wood |
| 20:05 | AnhGiaiSayXe · first_market_buy 100 stone |
| 20:55 | AnhGiaiSayXe · first_building Castle |
| 21:38 | AnhGiaiSayXe · first_building Siege Workshop |
| 23:03 | AnhGiaiSayXe · first_building Monastery |
| 23:53 | lenhhoxung · first_market_buy 100 food |
| 23:54 | lenhhoxung · first_market_sell 100 wood |
| 24:57 | lenhhoxung · first_building Archery Range |
| 26:42 | lenhhoxung · age_up castle |
| 30:24 | AnhGiaiSayXe · wall_segment Stone Wall x1 |
| 35:31 | lenhhoxung · first_building Monastery |
| 36:14 | lenhhoxung · first_building Siege Workshop |
| 37:37 | AnhGiaiSayXe · age_up imperial |
| 37:56 | lenhhoxung · wall_segment Palisade Wall x21 |
| 40:27 | lenhhoxung · age_up imperial |
| 42:31 | AnhGiaiSayXe · first_building Archery Range |
| 43:17 | lenhhoxung · first_building Castle |
| 45:15 | lenhhoxung · wall_segment Palisade Wall x5 |
| 45:19 | lenhhoxung · wall_segment Palisade Wall x8 |
| 48:09 | lenhhoxung · wall_segment Palisade Wall x10 |
| 48:21 | lenhhoxung · wall_segment Palisade Wall x32 |
| 48:38 | lenhhoxung · wall_segment Stone Wall x3 |
| 62:57 | lenhhoxung · wall_segment Palisade Wall x9 |
| 63:26 | lenhhoxung · resign |
[ ANÁLISIS IA · 1 CRÉDITO ]
¿Qué pasó realmente en esta partida?
Wolo.gg analiza cada decisión: build order, eco, micro, errores típicos por bracket. Análisis personalizado por WhatsApp o Discord en 30 segundos.
Guía civ
Incas
Perfil
Jugador #3444829